 Dungeon Crawl Stone Soup version 0.25.1-1-g288607f (webtiles) character file.

Game seed: 5796343240499389342

133 araganzar the Chopper (level 4, 0/39 HPs)
             Began as a Minotaur Abyssal Knight on Dec 1, 2020.
             Was a Believer of Lugonu.
             Slain by an adder (3 damage)
             ... on level 3 of the Dungeon.
             The game lasted 00:03:33 (2406 turns).

araganzar the Chopper (Minotaur Abyssal Knight)     Turns: 2406, Time: 00:03:34

Health: 0/39       AC: -4    Str: 18    XL:     4   Next: 93%
Magic:  4/4        EV: 11    Int:  9    God:    Lugonu [**....]
Gold:   105        SH:  0    Dex:  9    Spells: 3/3 levels left

rFire    . . .     SeeInvis +   a - +0 war axe
rCold    + . .     Gourm    .   (no shield)
rNeg     . . .     Faith    .   q - +0 leather armour {rC+}
rPois    +         Spirit   .   (helmet restricted)
rElec    .         Reflect  .   (no cloak)
rCorr    .         Harm     .   (no gloves)
MR       .....                  (no boots)
Stlth    +.........             (no amulet)
HPRegen  0.13/turn              k - ring of see invisible {sInv, !d}
MPRegen  0.09/turn              o - ring of poison resistance {rPois, !d}

@: corroded, very slow
A: retaliatory headbutt, horns 2
a: Depart the Abyss, Bend Space, Renounce Religion


You were on level 3 of the Dungeon.
You worshipped Lugonu.
Lugonu was pleased with you.
You were hungry.

You visited 1 branch of the dungeon, and saw 3 of its levels.
You visited the Abyss 1 time.

You collected 105 gold pieces.


Innate Abilities, Weirdness & Mutations

You reflexively headbutt those who attack you in melee.
You have a pair of horns on your head.


   Skills:
 - Level 3.6 Fighting
 + Level 6.2 Axes
 - Level 2.4 Armour
 - Level 1.1 Dodging
 - Level 1.7 Invocations


You had 3 spell levels left.
You didn't know any spells.
Your spell library was empty.

Inventory:

Hand Weapons
 a - a +0 war axe (weapon)
   (You found it on level 3 of the Dungeon)
 w - a +1 hand axe
Armour
 b - a +0 leather armour
 q - a +0 leather armour of cold resistance (worn)
   (You found it on level 3 of the Dungeon)
Jewellery
 f - an uncursed ring of resist corrosion
   (You found it on level 1 of the Dungeon)
 h - an uncursed ring of magical power {MP+9}
   (You found it on level 1 of the Dungeon)
 k - a ring of see invisible (left hand) {sInv, !d}
   (You found it on level 2 of the Dungeon)
 o - a ring of poison resistance (right hand) {rPois, !d}
   (You found it on level 2 of the Dungeon)
Wands
 l - a wand of polymorph (6)
   (You found it on level 2 of the Dungeon)
Scrolls
 i - a scroll of remove curse {unknown}
 j - a scroll of amnesia {unknown}
 m - a scroll of immolation {unknown}
 n - a scroll of fog {unknown}
 s - 2 scrolls of magic mapping {unknown}
 t - a scroll of identify {unknown}
 x - a scroll of blinking {unknown}
Potions
 e - a potion of heal wounds {unknown}
 g - a potion of cancellation {unknown}
 p - a potion of ambrosia {unknown}
 r - a potion of degeneration {unknown}
 u - a potion of haste {unknown}
Comestibles
 c - 6 rations
 v - 5 chunks of flesh {@w0}

#...##≈####
#...#≈≈≈# ≈≈
#####≈≈≈# ≈≈
##≈## ≈# #≈#
≈# #≈# ≈#
##≈## ##≈##
#≈≈≈####S≈≈#
#≈≈≈≈)÷@≈≈≈#
##≈######≈##
### ##


You could see an adder.


Message History

The adder bites you.
* * * LOW HITPOINT WARNING * * *
You take 5 damage, and have 1/39 hp.
Unknown command.
Unknown command.
Unknown command.
It was a potion of curing.
You feel better. The adder closely misses you. The adder barely misses you.
You regained 11 hp, and now have 12/39 hp.
You hit the adder. The adder bites you.
* * * LOW HITPOINT WARNING * * *
You take 1 damage, and have 11/39 hp.
Unknown command.
You miss the adder. The adder bites you.
* * * LOW HITPOINT WARNING * * *
The adder bites you.
* * * LOW HITPOINT WARNING * * *
You take 5 damage, and have 6/39 hp.
Unknown command.
Your unstable footing causes you to fumble your attack.
The adder misses you. You furiously retaliate!
You headbutt the adder, but do no damage.
Unknown command.
Unknown command.
Unknown command.
Your unstable footing causes you to fumble your attack.
The adder bites you.
* * * LOW HITPOINT WARNING * * *
The adder bites you.
You die...

Action                   |  1- 3 |  4- 6 || total
-------------------------+-------+-------++-------
Melee: Hand axe          |    83 |    44 ||   127
       Headbutt          |    15 |     8 ||    23
       War axe           |       |    11 ||    11
Invok: Depart the Abyss  |     1 |       ||     1
Evoke: Wand              |       |     1 ||     1
  Use: Potion            |       |     1 ||     1
  Eat: Chunk             |       |     4 ||     4
Armor: Leather armour    |    18 |     6 ||    24
Dodge: Dodged            |    59 |    34 ||    93

Levels and vault maps discovered:
D:1:      ncdulo_smallfort, layout_loops_ring
D:2:      layout_rooms, minmay_misc_feat_tiny
D:3:      layout_rooms, gup_sewer_entry_bubbles, uniq_ijyb, uniq_sigmund

Notes
Turn   | Place    | Note
-------+----------+-------------------------------------------
     0 | Abyss:1  | araganzar the Minotaur Abyssal Knight began the quest for
                  | the Orb.
     0 | Abyss:1  | Reached XP level 1. HP: 19/19 MP: 1/1
    24 | Abyss:1  | Noticed a thrashing horror
    28 | D:1      | Escaped the Abyss
    79 | D:1      | Reached skill level 3 in Axes
    79 | D:1      | Reached XP level 2. HP: 5/26 MP: 2/2
   382 | D:1      | Reached skill level 4 in Axes
   390 | D:1      | Reached * piety under Lugonu
   397 | D:1      | Reached XP level 3. HP: 3/31 MP: 3/3
  1049 | D:1      | Reached skill level 5 in Axes
  1495 | D:2      | Reached XP level 4. HP: 34/39 MP: 4/4
  1588 | D:2      | Reached ** piety under Lugonu
  2368 | D:3      | Noticed Sigmund
  2388 | D:3      | Noticed Sigmund
  2388 | D:3      | Sigmund changed into Sigmund the jelly
  2395 | D:3      | Killed Sigmund the jelly
  2395 | D:3      | Reached skill level 6 in Axes
  2401 | D:3      | HP: 1/39 [adder (5)]
  2406 | D:3      | HP: 3/39 [adder (3)]
  2406 | D:3      | Slain by an adder

Vanquished Creatures
  A jelly (D:3)
  A gnoll (D:1)
  An ooze (D:1)
  3 worms
  3 dart slugs (D:1)
  5 leopard geckos
  A bat (D:3)
  5 giant cockroaches
  4 goblins
  10 hobgoblins
  12 jackals
  A quokka (D:2)
  2 ball pythons
  5 frilled lizards
  3 kobolds
  7 rats
64 creatures vanquished.
